 Dungeon Crawl Stone Soup version 0.23-b1-67-g8bd44de (webtiles) character file.

Game seed: 9611040576478921041

1457 Folque the Magician (level 8, -8/50 HPs)
             Began as an Octopode Wizard on Feb 5, 2019.
             Was an Initiate of Gozag.
             Mangled by a wraith (11 damage)
             ... in an ossuary.
             The game lasted 00:26:01 (7237 turns).

Folque the Magician (Octopode Wizard)               Turns: 7237, Time: 00:26:02

Health: -8/50      AC:  1    Str:  6    XL:     8   Next: 76%
Magic:  2/16       EV: 14    Int: 26    God:    Gozag
Gold:   328        SH:  0    Dex: 10    Spells: 4/18 levels left

rFire    . . .     SeeInvis .   m - +1 dagger (venom)
rCold    . . .     Gourm    .   (no shield)
rNeg     . . .     Faith    .   a - +0 hat
rPois    .         Spirit   .   (no amulet)
rElec    .         Reflect  .   d - +3 ring of intelligence
rCorr    .         Harm     .   (no ring)
MR       .....                  (no ring)
Stlth    +++.......             (no ring)
HPRegen  0.16/turn              (no ring)
MPRegen  0.15/turn              (no ring)
                                (no ring)
                                (no ring)

@: slowed, very slow
A: almost no armour, stealthy swim, amphibious, 8 rings, constrict 8, camouflage
1, gelatinous body 1
a: Potion Petition, Call Merchant, Bribe Branch, Renounce Religion


You were in an ossuary.
You worshipped Gozag.
Gozag was aware of your devotion.
You were not hungry.

You visited 1 branch of the dungeon, and saw 6 of its levels.
You also visited: Ossuary.

You collected 400 gold pieces.
You paid 72 gold pieces to Gozag.

Inventory:

Hand Weapons
 g - a +0 hunting sling
 k - a +0 dagger
 m - a +1 dagger of venom (weapon)
Missiles
 o - 32 poisoned needles
Armour
 a - a +0 hat (worn)
Jewellery
 d - a +3 ring of intelligence (left tentacle)
Wands
 p - a wand of digging (11)
 v - a wand of iceblast (3)
 G - a wand of polymorph (5)
Scrolls
 b - 3 scrolls of teleportation
 h - 4 scrolls of amnesia {unknown}
 i - 4 scrolls of identify
 j - a scroll of noise {unknown}
 l - a scroll of fog {unknown}
 q - a scroll of immolation
 s - 3 scrolls of enchant weapon {unknown}
 w - a scroll of enchant armour {unknown}
 y - 2 scrolls of remove curse {unknown}
 z - 2 scrolls of fear {unknown}
 E - a scroll of magic mapping {unknown}
 F - a scroll of holy word {unknown}
Potions
 e - a potion of might
 f - 3 potions of degeneration
 n - a potion of invisibility {unknown}
 r - 2 potions of agility
 t - 2 potions of brilliance {unknown}
 u - a potion of mutation {unknown}
 x - 5 potions of curing
 A - a potion of flight {unknown}
 B - a potion of ambrosia {unknown}
 C - a potion of heal wounds
 D - a potion of magic {unknown}
Comestibles
 c - 12 rations


   Skills:
 + Level 2.2 Fighting
 - Level 3.1 Slings
 - Level 4.0 Dodging
 - Level 4.0 Stealth
 * Level 5.7 Spellcasting
 - Level 4.2 Conjurations
 - Level 2.0 Hexes
 - Level 3.0 Summonings
 - Level 1.0 Translocations
 * Level 1.6 Air Magic
 - Level 3.1 Poison Magic


You had 4 spell levels left.
You knew the following spells:

 Your Spells              Type           Power        Failure   Level  Hunger
a - Magic Dart            Conj           ####         1%          1    None
b - Call Imp              Summ           ###.....     3%          2    None
c - Blink                 Tloc           N/A          7%          2    None
d - Mephitic Cloud        Conj/Pois/Air  ###.....     6%          3    None
e - Conjure Flame         Conj/Fire      ###.....     9%          3    None
f - Dazzling Spray        Conj/Hex       ###...       6%          3    None

Your spell library contained the following spells:

 Spells                   Type           Power        Failure   Level  Hunger
 Summon Small Mammal      Summ           ###.         1%          1    None
 Corona                   Hex            ###....      3%          1    None
 Slow                     Hex            ###.....     4%          2    None
 Call Canine Familiar     Summ           ###.....     6%          3    None
 Ensorcelled Hibernation  Hex/Ice        ##....       7%          2    None
 Summon Guardian Golem    Hex/Summ       ###.....     8%          3    None
 Confuse                  Hex            ###.....     9%          3    None
 Tukima's Dance           Hex            ###.....     9%          3    None
 Summon Lightning Spire   Summ/Air       ###.....     26%         4    ###....
 Summon Ice Beast         Ice/Summ       ###.....     36%         4    ###....


Dungeon Overview and Level Annotations

Branches:
Dungeon (6/15)
 Temple: D:4-7

Altars:
Elyvilon
Gozag
Kikubaaqudgha
Nemelex Xobeh
Qazlal
Ru
Sif Muna
Xom
Zin
The Shining One

Shops:
D:5 (

Annotations:
D:5 1 runed translucent door, coffee's ghost, novice SpAK


Innate Abilities, Weirdness & Mutations

You cannot wear most types of armour.
You are very stealthy in the water. (Stealth+)
You are amphibious.
You can wear up to eight rings at the same time.
You can use your tentacles to constrict eight enemies at once.
Your skin changes colour to match your surroundings (Stealth+).
Your rubbery body absorbs attacks. (AC +1, EV +1)


Message History

The wraith is severely damaged.
The wraith closely misses you.
You hit the wraith.
The wraith is almost destroyed.
The wraith hits you.
* * * LOW HITPOINT WARNING * * *
The wraith drains your vigour!
You feel as though you will be slow longer.
The wraith barely misses you.
You closely miss the wraith.
The wraith is almost destroyed.
The wraith hits you!
* * * LOW HITPOINT WARNING * * *
The wraith drains your vigour!
You feel as though you will be slow longer.
You completely miss the wraith.
The wraith is severely damaged.
The wraith hits you!
You die...
Your body crumbles into a pile of gold.

#########
##.......##
#.........##
##..∩..∩...#
##@......##
#W....###
##...##
##.## #.##
#.# #.##
##.## ##.#


You could see a wraith.

Vanquished Creatures
  Sigmund (D:2)
  A sky beast (D:6)
  An ogre (D:5)
  A centaur (D:5)
  A water moccasin zombie (D:5)
  2 wights (Ossuary)
  3 howler monkeys
  5 crimson imps
  4 hounds (D:5)
  An orc priest (D:4)
  3 iguanas (D:5)
  An orc wizard (D:4)
  Jessica (D:5)
  2 bullfrog skeletons
  2 worker ants (D:4)
  A howler monkey skeleton (D:5)
  6 adders
  3 shadow imps
  3 oozes
  3 adder zombies
  3 adder skeletons (D:5)
  A worm (D:2)
  A leopard gecko (D:3)
  6 orcs
  3 ball pythons (D:4)
  2 giant cockroaches
  8 goblins
  13 hobgoblins
  2 jackals (D:4)
  8 kobolds
  2 quokkas
  A ball python skeleton (Ossuary)
  7 bats
  3 frilled lizards
  A giant cockroach zombie (D:5)
  3 hobgoblin skeletons (Ossuary)
  A jackal skeleton (D:5)
  A jackal zombie (D:5)
  A leopard gecko skeleton (D:4)
  2 orc zombies (Ossuary)
  5 rats
119 creatures vanquished.

Vanquished Creatures (collateral kills)
  A crimson imp (D:3)
  Robin (D:1)
  A worm (D:2)
  5 goblins (D:2)
  A hobgoblin (D:2)
9 creatures vanquished.

Grand Total: 128 creatures vanquished

Notes
Turn   | Place    | Note
-------+----------+-------------------------------------------
     0 | D:1      | Folque the Octopode Wizard began the quest for the Orb.
     0 | D:1      | Reached XP level 1. HP: 11/11 MP: 4/4
   346 | D:1      | Reached skill level 1 in Fighting
   371 | D:1      | Reached XP level 2. HP: 13/18 MP: 6/6
   400 | D:1      | Learned a level 2 spell: Call Imp
   403 | D:1      | Learned a level 2 spell: Blink
  1049 | D:2      | Noticed Robin
  1115 | D:1      | Killed Robin
  1115 | D:1      | Reached XP level 3. HP: 11/24 MP: 3/7
  1599 | D:2      | Learned a level 3 spell: Mephitic Cloud
  1652 | D:2      | Noticed Sigmund
  1965 | D:2      | Killed Sigmund
  1965 | D:2      | Reached skill level 4 in Spellcasting
  1965 | D:2      | Reached XP level 4. HP: 11/29 MP: 6/10
  1965 | D:2      | Reached XP level 5. HP: 13/34 MP: 6/11
  2226 | D:2      | Learned a level 3 spell: Conjure Flame
  2349 | D:2      | Reached XP level 6. HP: 27/39 MP: 12/12
  2387 | D:2      | Reached skill level 1 in Air Magic
  2639 | D:3      | Learned a level 3 spell: Dazzling Spray
  3037 | D:3      | Found a white marble altar of Elyvilon.
  3064 | D:3      | Found a glowing golden altar of the Shining One.
  3103 | D:3      | Found a shimmering altar of Xom.
  3181 | D:3      | Reached skill level 5 in Spellcasting
  3349 | D:4      | Found a sacrificial altar of Ru.
  3364 | D:4      | Reached XP level 7. HP: 34/45 MP: 14/14
  3496 | D:4      | Found an opulent altar of Gozag.
  3861 | D:4      | Found a stormy altar of Qazlal.
  3873 | D:4      | Reached skill level 1 in Hexes
  4173 | D:5      | Entered Level 5 of the Dungeon
  4244 | D:5      | Found a glowing silver altar of Zin.
  4319 | D:5      | Found Zuuvuis's Antique Weapon Shoppe.
  4364 | D:5      | HP: 2/45 [poisoned by an adder]
  4687 | D:5      | Reached XP level 8. HP: 25/50 MP: 8/15
  5080 | D:5      | Found a runed translucent door.
  5135 | D:5      | Reached skill level 1 in Slings
  5203 | D:4      | Became a worshipper of Gozag Ym Sagoz the Greedy
  5275 | D:5      | Noticed coffee's ghost (novice SpAK)
  5286 | D:5      | Found an ancient bone altar of Kikubaaqudgha.
  5397 | D:5      | Noticed Jessica
  5410 | D:5      | Killed Jessica
  5418 | D:5      | Found a deep blue altar of Sif Muna.
  5454 | D:5      | Found a sparkling altar of Nemelex Xobeh.
  6227 | D:6      | Found a sand-covered staircase.
  6489 | Ossuary  | Entered an ossuary
  6704 | Ossuary  | Noticed a flying skull
  6704 | Ossuary  | Noticed a wraith
  6710 | Ossuary  | Noticed a flying skull
  6713 | Ossuary  | Noticed a flying skull
  6724 | Ossuary  | Noticed a flying skull
  6743 | Ossuary  | Noticed a wraith
  6777 | Ossuary  | Noticed a wraith
  6779 | Ossuary  | HP: 2/50 [wraith (4)]
  7236 | Ossuary  | HP: 2/50 [wraith (7)]
  7237 | Ossuary  | Mangled by a wraith

Skill      XL: |  1  2  3  4  5  6  7  8 |
---------------+-------------------------+-----
Fighting       | 1 2 |  2.2
Stealth        | 4 |  4.0
Spellcasting   | 4 5 |  5.7
Poison Magic   | 3 |  3.1
Air Magic      | 1 |  1.6
Conjurations   | 4 |  4.2
Dodging        | 3 4 |  4.0
Hexes          | 2 |  2.0
Slings         | 3 |  3.1
Summonings     | 3 |  3.0
Translocations | |  1.0

Action                   |  1- 3 |  4- 6 |  7- 9 || total
-------------------------+-------+-------+-------++-------
Melee: Unarmed           |    23 |       |       ||    23
       Constrict         |    21 |    21 |    40 ||    82
       Tentacles         |    14 |     9 |    20 ||    43
       Dagger            |    53 |   110 |   171 ||   334
 Fire: Hunting sling     |       |       |    56 ||    56
 Cast: Magic Dart        |     5 |     8 |    48 ||    61
       Call Imp          |     5 |     4 |     8 ||    17
       Blink             |     2 |     1 |    17 ||    20
       Mephitic Cloud    |     2 |     1 |    17 ||    20
       Dazzling Spray    |       |     2 |     1 ||     3
       Conjure Flame     |       |       |     8 ||     8
Evoke: Wand              |       |       |     3 ||     3
  Use: Scroll            |       |       |     8 ||     8
       Potion            |       |       |     4 ||     4
 Stab: Sleeping          |     5 |     6 |    14 ||    25
       Invisible         |       |     1 |       ||     1
       Confused          |       |       |     5 ||     5
       Paralysed         |       |       |     1 ||     1
       Distracted        |       |       |     1 ||     1
  Eat: Chunk             |     3 |     5 |     6 ||    14
       Ration            |       |       |     2 ||     2
Armor: Skin              |     8 |     6 |     9 ||    23
Dodge: Dodged            |    54 |    71 |   112 ||   237
